woodfighter, lawful female dwarven Priestess ---------- ------ |.....I...###)#....).# |...u@I..|## |..<.| |....%I..|## ------ ------|--- woodfighter the Acolyte Experience level: 5 Strength: 10 Dexterity: 10 Constitution: 18 Intelligence: 17 Wisdom: 12 Charisma: 8 Health: 0(56) Energy: 50(50) Def: 4 Gold: 910 Moves: 3237 Dungeon seed: tKS-_Fn-X8gboc5e Game ID: woodfighter_1553492632 Your Inventory: Coins $ - 910 gold pieces Weapons a - a blessed +1 mace (weapon in hand) Armor e - a +0 robe (being worn) n - a blessed +0 small shield (being worn) y - a +0 orcish helm (being worn) Comestibles c - a clove of garlic d - 3 sprigs of wolfsbane j - a food ration J - a magic bean Scrolls k - a blessed scroll of identify o - a scroll of scare monster u - 3 scrolls of teleportation G - a scroll of scare monster Spellbooks g - a spellbook of create monster h - a spellbook of protection v - a spellbook of create monster B - a spellbook of light O - a blessed spellbook of cure sickness Potions b - 4 potions of holy water m - a blessed potion of monster detection E - 2 potions of oil I - a potion of confusion M - a cursed potion of gain ability Wands f - a wand of cancellation (0:1) s - a wand of enlightenment (0:13) w - a wand of enlightenment (0:14) F - a wand of polymorph (0:8) Tools i - a magic marker (0:80) Gems q - 2 worthless pieces of yellowish brown glass r - a worthless piece of blue glass z - an agate N - a worthless piece of orange glass Y - a worthless piece of green glass Spells and supernatural/magical abilities: Name Level Category Fail Memory p - protection 1 clerical 0% 84% O - create monster 2 clerical 0% 84% W - pray for help -- divine ? -- X - turn undead -- divine ? -- Your skills at the end: Miscellaneous Skills shield [Basic] wands [Basic] Weapon Skills pick-axe [Basic] mace [Basic] Spellcasting Skills clerical spells [Basic] Final Attributes: You were fervently aligned. You had infravision. You were somewhat stealthy. You are dead. Vanquished creatures: 2 violet fungi a guardian naga hatchling 2 kittens a homunculus 2 hill orcs a rabid rat a monkey 3 orc zombies 2 coyotes 2 geckos a hobgoblin 2 giant rats a brown mold 2 manes 11 jackals 3 newts 2 goblins 9 grid bugs 2 bats 6 lichens 56 creatures vanquished. Voluntary challenges: You did not adorn yourself with jewelry or accessories. You did not cause conflict. You were not invisible. You did not have reflection. You were not displaced. You had been an atheist until turn 3225. You used a wielded weapon 66 times, starting on turn 57. You did not use containers. You did not apply a unicorn horn. You did not use plumbed fixtures. You did not drink any magical draughts. You read items or engraved 3 times, starting on turn 1943. You never genocided any monsters. You never polymorphed an object. You never changed form. You used no wishes. You never split a pudding. You never wrote Elbereth's name. You never violated your personal moral code. Dungeon overview: The Dungeons of Doom: levels 1 to 8 Level 1 (water) a long staircase Level 2 (vault) Level 3 a sink stairs to The Gnomish Mines Level 4 (shop) Level 5 (water + eye) a fountain Level 6 Level 7 Level 8 <- You were here The Gnomish Mines: Level 4 stairs to The Dungeons of Doom History has recorded: On T:1 you entered the Dungeons of Doom to retrieve the Amulet of Yendor! On T:354 you reached level 2 of The Dungeons of Doom. On T:565 you reached level 3 of The Dungeons of Doom. On T:804 you advanced to experience level 2. On T:938 you reached level 4 of The Dungeons of Doom. On T:1043 you reached level 1 of The Gnomish Mines. On T:1278 you reached level 5 of The Dungeons of Doom. On T:1350 you advanced to experience level 3. On T:1859 you reached level 6 of The Dungeons of Doom. On T:2355 you advanced to experience level 4. On T:2474 you reached level 7 of The Dungeons of Doom. On T:2938 you reached level 8 of The Dungeons of Doom. On T:3184 you advanced to experience level 5. On T:3225 you prayed to Quetzalcoatl. Score breakdown: Gold: 910 ( 91 points) Experience: 5 levels ( 400 points) Exploration: 8 levels ( 210 points) Discoveries: 18 items ( 900 points) Variety of kills: 20 monsters ( 1000 points) Major goal: (nothing yet) ( 0 points) Survival: died (score multiplied by 3) Total score: 7803 Latest messages: Something punches you! The hill orc punches you! You hear a nearby zap. Something stabs you! You hit something. Something punches you! You see a door open. The crude dagger hits something. Something stabs you! Something punches you! Something stabs you! You kill it! You attack thin air. The pony picks up a guardian naga hatchling corpse. Something picks up an iron skull cap. Something stabs you! Wait! There's something there you can't see! The pony drops a guardian naga hatchling corpse. Something punches you! Something stabs you! You hit something. Something slashes you! Something punches you! Something stabs you! You hit something. Something hacks you! You die... Final status: Goodbye woodfighter the Priestess, killed by an invisible hill orc... You died in The Dungeons of Doom on dungeon level 8 with 7803 points, and 910 pieces of gold, after 3237 moves. You were level 5 with a maximum of 56 hit points when you died.